[Event "Open NK Rapid 2025"]
[Site "Helmond, Netherlands"]
[Date "2025.05.03"]
[Round "6.2"]
[White "Hilwerda, Jonas"]
[Black "Beerdsen, Thomas"]
[Result "0-1"]
[TimeControl "15+5"]
[WhiteFideId "1046713"]
[BlackFideId "1030108"]
[WhiteElo "2233"]
[BlackElo "2485"]

1. e4 c6 2. d4 d5 3. e5 Bf5 4. Nf3 e6 5. Be2 Ne7 6. O-O c5 7. dxc5 Nec6 8. c4 dxc4 9. Qxd8+ Kxd8 10.
Bg5+ Kc7 11. Na3 Bxc5 12. Nxc4 Nd7 13. Rac1 h6 14. Be3 Bxe3 15. fxe3 Kb8 16. Rfd1 Nb6 17. Nd6 Bg6 18. Nh4 Nxe5 19. Nxg6 fxg6 20. Bf3 Nxf3+ 21. gxf3 a6 22. Nf7 Re8 23.
Ne5 g5 24. Rd6 Nd5 25. e4 Nf4 26. Rc4 Rc8 27. Rb4 Rc1+ 28. Kf2 Rc7 29. Ke3 Ka7 30. Nd3 Nxd3 31. Kxd3 Rf8 32. Ke3 Rcf7 33.
Rxe6 Rxf3+ 34. Kd4 R8f7 35. Re8 Rh3 36. Kd5 Rxh2 37. e5 Rd2+ 38. Ke6 Rdd7 39. Rg4 a5 40. a4 Rc7 41. Rd8 Rf2 42.
Rgd4 Rxb2 43. Kd6 Rc6+ 44. Kd5 Re2 45. Rd6 Rc7 46. e6 Re7 47. Re4 Rxe4 48. Kxe4 Kb8 49. Kf5 Kc7 50.
Rd5 g4 51. Rxa5 g3 52. Re5 g2 53. Re1 Re8 54. Rg1 Kd6 55. Rd1+ Ke7 56. Rg1 Rf8+ 57. Ke5 Rf2 58. Rb1 Re2+ 59. Kf5 Rf2+ 60. Ke5 Re2+ 61. Kf5 g6+ 62. Kf4 Kxe6 63. Kf3 Rb2 64. Re1+ Ke5 0-1

[Event "Open NK Rapid 2025"]
[Site "Helmond, Netherlands"]
[Date "2025.05.03"]
[Round "6.3"]
[White "Cernov, Vadim"]
[Black "Roebers, Eline"]
[Result "1/2-1/2"]
[TimeControl "15+5"]
[WhiteFideId "1210629"]
[BlackFideId "1058401"]
[WhiteElo "2320"]
[BlackElo "2390"]

1. e4 c5 2. Nf3 e6 3. g3 Nc6 4. Bg2 Nf6 5. Qe2 e5 6. O-O Be7 7. Nc3 O-O 8. Nd5 Nxd5 9. exd5 Nd4 10. Nxd4 exd4 11. c4 d6 12. d3 a6 13. a4 Rb8 14. Re1 1/2-1/2

[Event "Open NK Rapid 2025"]
[Site "Helmond, Netherlands"]
[Date "2025.05.03"]
[Round "6.4"]
[White "Madularea, David"]
[Black "Sydykov, Bayastan"]
[Result "0-1"]
[TimeControl "15+5"]
[WhiteFideId "1070215"]
[BlackFideId "13829610"]
[WhiteElo "1921"]
[BlackElo "2297"]

1. d4 Nf6 2. Nf3 d5 3. c4 e6 4. Qc2 Nbd7 5. cxd5 exd5 6. Bf4 c6 7. Nc3 Nh5 8. Bd2 Bd6 9. e3 O-O 10. Bd3 Ndf6 11. Ne5 Re8 12. f4 g6 13.
O-O-O c5 14. Bb5 Re7 15. dxc5 Bxc5 16. e4 dxe4 17. g4 Bxg4 18. Nxg4 Nxg4 19. Nxe4 Rxe4 20. Qxe4 Nf2 21. Qe5 Bd4 22.
Qe2 Nxh1 23. Bc3 Nxf4 24. Qe4 Ne6 25. Qxb7 Rb8 26. Qc6 Nf2 27. Rf1 Qg5+ 28. Kb1 Rxb5 29. Bxd4 Qf5+ 30. Ka1 Nxd4 31. Qc3 Nb3+ 0-1

[Event "Open NK Rapid 2025"]
[Site "Helmond, Netherlands"]
[Date "2025.05.03"]
[Round "6.5"]
[White "Beeke, Bob"]
[Black "Grooten, Tommy"]
[Result "1/2-1/2"]
[TimeControl "15+5"]
[WhiteFideId "1011634"]
[BlackFideId "1068806"]
[WhiteElo "2217"]
[BlackElo "2027"]

1. d4 Nf6 2. Nf3 e6 3. c4 c5 4. g3 cxd4 5. Nxd4 Be7 6. Nc3 a6 7. Bg2 O-O 8. O-O d6 9. b3 Qc7 10.
Bb2 Bd7 11. Rc1 Nc6 12. Nd5 Qd8 13. Nxe7+ Qxe7 14. Nc2 Rfd8 15. Ne3 Rac8 16. Qd2 e5 17. Rfd1 Be6 18. Ba3 Nd4 19. Nc2 Nxc2 20.
Rxc2 Bf5 21. Rcc1 Ne4 22. Qd3 Nxf2 23. Qxf5 Nxd1 24. Rxd1 b5 25. Rxd6 bxc4 26. Rxd8+ Qxd8 27. Bd5 c3 28. Bxf7+ Kh8 29. Bc4 Qd4+ 30. Kg2 Rd8 31. Bd3 e4 32.
Bc5 Qd5 33. Qxe4 Qxe4+ 34. Bxe4 Rd2 35. Kf2 Rxa2 36. Ke3 c2 37. Kd2 c1=Q+ 38. Kxc1 Rxe2 39. Bd3 Rxh2 40. Bxa6 Rh3 41. Bf2 h5 42. b4 g5 43. Kd2 h4 44. gxh4 g4 45. Bc8 Rb3 46. Bxg4 Rxb4 47. Bf3 Rb2+ 1/2-1/2

[Event "Open NK Rapid 2025"]
[Site "Helmond, Netherlands"]
[Date "2025.05.03"]
[Round "6.6"]
[White "Ritzerveld, Noah"]
[Black "Bok, Benjamin"]
[Result "0-1"]
[TimeControl "15+5"]
[WhiteFideId "1085760"]
[BlackFideId "1017063"]
[WhiteElo "2053"]
[BlackElo "2583"]

1. e4 c5 2. Nf3 d6 3. d4 cxd4 4. Nxd4 Nf6 5. Nc3 a6 6. f3 e5 7. Nb3 Be6 8. Be3 Be7 9. Qd2 O-O 10.
O-O-O Nbd7 11. g4 b5 12. g5 Nh5 13. Kb1 Nb6 14. Nd5 Nxd5 15. exd5 Bf5 16. Na5 f6 17. Nc6 Qd7 18. gxf6 Bxf6 19.
Bd3 Rf7 20. Rhg1 Bxd3 21. Qxd3 Qh3 22. Qe4 Bd8 23. Rdf1 Bc7 24. Rf2 Raf8 25. Rgf1 Nf6 26. Qd3 Nd7 27. Qe4 Bb6 28. Bxb6 Nxb6 29.
f4 Rxf4 30. Ne7+ Kh8 31. Qe1 Qxf1 32. Qxf1 Rxf2 33. Ng6+ hxg6 34. Qh3+ Kg8 35. Qe6+ R8f7 36. b3 R2f6 37. Qe8+ Kh7 38. Qc6 Nd7 39. Qxa6 e4 40. Qxb5 e3 41. Qe2 Re7 0-1

[Event "Open NK Rapid 2025"]
[Site "Helmond, Netherlands"]
[Date "2025.05.03"]
[Round "6.7"]
[White "Fridman, Daniel"]
[Black "Thodam, Malte"]
[Result "1-0"]
[TimeControl "15+5"]
[WhiteFideId "11600454"]
[BlackFideId "24687120"]
[WhiteElo "2539"]
[BlackElo "2044"]

1. Nf3 d5 2. g3 Nf6 3. Bg2 e6 4. d4 Be7 5. c4 O-O 6. Qc2 dxc4 7. Qxc4 c6 8. O-O b5 9. Qb3 Bb7 10.
Rd1 Nbd7 11. Ne5 Qb6 12. Be3 c5 13. Nxd7 Nxd7 14. Bxb7 Qxb7 15. a4 a6 16. Na3 cxd4 17. Bxd4 Nc5 18.
Qe3 Rac8 19. axb5 axb5 20. Nc2 Rc7 21. Ra5 Rfc8 22. Na3 b4 23. Rb5 Qd5 24. Rxb4 Nd7 25. Rb5 Rc5 26. Rxc5 Rxc5 27.
Rd3 Rc8 28. Bxg7 1-0

[Event "Open NK Rapid 2025"]
[Site "Helmond, Netherlands"]
[Date "2025.05.03"]
[Round "6.8"]
[White "Peng, Li Min"]
[Black "Margaryan, Aren"]
[Result "1-0"]
[TimeControl "15+5"]
[WhiteFideId "14112620"]
[BlackFideId "40105075"]
[WhiteElo "2510"]
[BlackElo "2054"]

1. Nf3 d5 2. e3 Nf6 3. c4 e6 4.
Nc3 Be7 5. b3 c5 6. Bb2 a6 7. cxd5 exd5 8. d4 b6 9. Be2 Nc6 10. O-O O-O 11. Rc1 Bb7 12. dxc5 bxc5 13. Na4 Ne4 14.
Nd2 Qa5 15. Nxe4 dxe4 16. Qd7 Rab8 17. Qg4 f6 18. Bc4+ Kh8 19. Qxe4 Ne5 20. Bd5 Bxd5 21. Qxd5 Rfd8 22. Qe6 Ng6 23.
h4 Rd6 24. Qh3 Rd5 25. h5 Ne5 26. h6 g6 27. e4 Rd3 28. Qe6 Qc7 29. Bxe5 fxe5 30. Nxc5 Rb6 31. Nxd3 Qxc1 32. Rxc1 Rxe6 33.
Rc8+ 1-0

[Event "Open NK Rapid 2025"]
[Site "Helmond, Netherlands"]
[Date "2025.05.03"]
[Round "6.9"]
[White "Dgebuadze, Alexandre"]
[Black "Den Heijer, Rolinde"]
[Result "1-0"]
[TimeControl "15+5"]
[WhiteFideId "203882"]
[BlackFideId "1068300"]
[WhiteElo "2454"]
[BlackElo "1991"]

1. e4 c5 2. Nf3 d6 3. d4 cxd4 4. Qxd4 Nc6 5. Bb5 Bd7 6. Bxc6 Bxc6 7. Nc3 Nf6 8. Bg5 e6 9. O-O-O Be7 10.
Rhe1 O-O 11. Qd3 Qa5 12. Bd2 Qc7 13. Nd4 a6 14. g4 Nd7 15. f4 b5 16. Kb1 b4 17. Nxc6 Qxc6 18. Nd5 Bh4 19.
Nxb4 Qb6 20. Re3 a5 21. Rh3 Be7 22. e5 g6 23. a3 axb4 24. Bxb4 Rfc8 25. Bxd6 Bf8 26. Qb3 Qf2 27. Rf3 Qxh2 28.
f5 Bxd6 29. exd6 Rab8 30. Qa4 Nc5 31. Qc4 Qe5 32. Qc3 Qe4 33. fxg6 Qxg6 34. Rf6 Qxg4 35. Qd2 Ne4 36. Qd4 Nxf6 37.
Rg1 Qxg1+ 38. Qxg1+ Kf8 39. Qg5 Ng8 40. b4 Rd8 41.
Qc5 Rd7 42. a4 Rbd8 43. a5 Rxd6 44. a6 Ne7 45. a7 Rd5 46. Qb6 R5d6 47.
Qxd6 Rxd6 48. a8=Q+ Kg7 49. Qg2+ Ng6 50. b5 Rd5 51. c4 Rd3 52. Qb2+ Kf8 53. b6 Rd8 54. c5 Ne7 55. Qh8+ Ng8 56. c6 Rb8 57. b7 Ke7 58.
Qe5 1-0

[Event "Open NK Rapid 2025"]
[Site "Helmond, Netherlands"]
[Date "2025.05.03"]
[Round "6.10"]
[White "Cernov, Henrik"]
[Black "Jara Segovia, Jesus Javier"]
[Result "1-0"]
[TimeControl "15+5"]
[WhiteFideId "16258312"]
[BlackFideId "3925439"]
[WhiteElo "2291"]
[BlackElo "1909"]

1. e4 Nf6 2. Nc3 d5 3. exd5 Nxd5 4. Bc4 Nxc3 5. Qf3 Nd5 6. Bxd5 e6 7. Bxb7 Bxb7 8. Qxb7 Nd7 9. Nf3 Bd6 10. Qe4 O-O 11. O-O Nc5 12. Qe2 Rb8 13. b3 Qf6 14. d4 Nd7 15.
c4 Bf4 16. Bxf4 Qxf4 17. Rad1 Rfd8 18. Rfe1 a5 19. d5 exd5 20. Rxd5 Nf8 21. Rxa5 Rd6 22. Re5 Ne6 23. Qe3 Qf6 24.
Ng5 Nf8 25. Qg3 Qg6 26. R5e2 Rbd8 27. Ne4 Rd1 28. Qxg6 hxg6 29. g3 Ne6 30. Nc3 R1d3 31. Re3 Rd2 32. R1e2 c5 33. Nd5 Rd1+ 34.
Kg2 Kh7 35. Re4 g5 36. h4 Nd4 37. Re1 Rxe1 38. Rxe1 gxh4 39. Rh1 Ra8 40. Rxh4+ Kg6 41. Nc3 f5 42. Rh1 Nc2 43. Rd1 Ra5 44.
Rd2 Ne1+ 45. Kf1 Nf3 46. Rd3 Nh2+ 47. Kg2 Ng4 48. Na4 Ra8 49. Rd2 Rh8 50. Nxc5 Rh2+ 51. Kg1 Rh8 52. Nd3 Kg5 53. Nf4 Ne5 54. Kg2 Ng4 55.
Rd6 Nf6 56. c5 Ra8 57. a4 Rb8 58. Rb6 Rc8 59. b4 Kh6 60. Nd5 Kg5 61. Nxf6 gxf6 62. c6 f4 63. b5 fxg3 64. fxg3 Rd8 65. c7 Rd2+ 66. Kf3 Rc2 67. Rc6 Ra2 68. c8=Q Ra3+ 69. Rc3 Rxa4 70. Rc5+ Kg6 71. Qg8+ Kh6 72. Qh8+ Kg6 73.
Qh5+ Kg7 74. Rc7+ Kf8 75. Qf7# Ra5 1-0

[Event "Open NK Rapid 2025"]
[Site "Helmond, Netherlands"]
[Date "2025.05.03"]
[Round "6.11"]
[White "Van Ravensteijn, Antal"]
[Black "Stolwijk, Colin"]
[Result "0-1"]
[TimeControl "15+5"]
[WhiteFideId "1060759"]
[BlackFideId "1033743"]
[WhiteElo "2048"]
[BlackElo "2286"]

1. Nf3 Nf6 2. g3 g6 3. Bg2 Bg7 4. O-O O-O 5. c4 d5 6. cxd5 Nxd5 7. e4 Nb6 8. Nc3 Nc6 9. d3 a5 10.
Be3 a4 11. Bxb6 cxb6 12. Nxa4 b5 13. Nc3 b4 14. Nd5 e6 15. Ne3 Bxb2 16. Rb1 Bg7 17. Qb3 Ra3 18. Qc4 Qxd3 19. Qxd3 Rxd3 20.
Rfc1 Bh6 21. Rd1 Rxd1+ 22. Nxd1 e5 23. Bf1 Be6 24. Bb5 Bxa2 25. Rb2 b3 26. Ne3 Nd4 27. Be2 Rc8 28. Ne1 Rc1 29.
N3g2 Rxe1+ 30. Nxe1 Bc1 31. Nd3 Bxb2 32. Nxb2 Nxe2+ 33. Kf1 Nd4 34. f4 f6 35. h3 Bb1 0-1

[Event "Open NK Rapid 2025"]
[Site "Helmond, Netherlands"]
[Date "2025.05.03"]
[Round "6.12"]
[White "Kuipers-Haast, Anne"]
[Black "Zecha, Oscar"]
[Result "1-0"]
[TimeControl "15+5"]
[WhiteFideId "1017292"]
[BlackFideId "1073826"]
[WhiteElo "2272"]
[BlackElo "1873"]

1. e4 e5 2. Nf3 Nc6 3. Bb5 a6 4. Ba4 Nf6 5. d3 b5 6. Bb3 Bc5 7. O-O O-O 8. c3 d6 9. Bg5 h6 10. Bh4 Bb6 11. Re1 Kh8 12.
Nbd2 Be6 13. Nf1 Bxb3 14. axb3 Re8 15. Ne3 Bxe3 16. fxe3 g5 17. Bg3 d5 18. exd5 Qxd5 19. e4 Qc5+ 20.
d4 Qb6 21. Kh1 exd4 22. e5 Nh5 23. Bf2 Rad8 24. Nxg5 Nf4 25. Nxf7+ Kh7 26. Nxd8 Rxd8 27. Qg4 Ng6 28. cxd4 Nxd4 29.
Rad1 c5 30. b4 Nc2 31. Rd7+ Rxd7 32. Qxd7+ Kh8 33. Qe8+ Kh7 34. Rd1 Nd4 35. bxc5 Qc6 36. Qf7+ Kh8 37. Rxd4 1-0

[Event "Open NK Rapid 2025"]
[Site "Helmond, Netherlands"]
[Date "2025.05.03"]
[Round "6.13"]
[White "Aarts, Joaquin"]
[Black "Van Batenburg, Mees"]
[Result "0-1"]
[TimeControl "15+5"]
[WhiteFideId "1078224"]
[BlackFideId "1078259"]
[WhiteElo "2027"]
[BlackElo "2217"]

1. d4 e6 2. c4 f5 3. a3 Nf6 4.
Bf4 b6 5. e3 Bb7 6. Nf3 Ne4 7. Be2 Be7 8. h3 O-O 9. O-O d6 10. Nfd2 Nxd2 11. Qxd2 Nd7 12. Nc3 a5 13. b4 Rf6 14.
Rac1 Rg6 15. f3 e5 16. Bh2 Bg5 17. d5 axb4 18. axb4 Bf6 19. Nb5 Ba6 20. Bd3 Rg5 21. f4 Rh5 22.
Be2 Rh6 23. fxe5 Bxe5 24. Rxf5 Bc8 25. Rf3 Bxh2+ 26. Kxh2 Ne5 27. Rg3 Bd7 28. Nd4 Qe7 29. Rf1 Rh4 30. Bd3 Ra3 31. Be2 Ng6 32.
Qc1 Ra2 33. Bd3 Bxh3 34. Kg1 Qe5 35. Qe1 Bxg2 36. Rxg2 Rxg2+ 37. Kxg2 Qh2+ 38. Kf3 Ne5# 0-1

[Event "Open NK Rapid 2025"]
[Site "Helmond, Netherlands"]
[Date "2025.05.03"]
[Round "6.14"]
[White "Apon, Iwahn"]
[Black "Van Roon, Sjoerd"]
[Result "0-1"]
[TimeControl "15+5"]
[WhiteFideId "1056115"]
[BlackFideId "1051075"]
[WhiteElo "1987"]
[BlackElo "2179"]

1. Nf3 d5 2. d4 Nf6 3. c4 c6 4. Qc2 e6 5. g3 Nbd7 6. Bg2 Bd6 7. Nbd2 O-O 8. O-O b6 9. cxd5 cxd5 10.
e4 dxe4 11. Nxe4 Nxe4 12. Qxe4 Ba6 13. Ng5 Nf6 14. Qxa8 Qxa8 15. Bxa8 Bxf1 16. Kxf1 Rxa8 17. Be3 Kf8 18. Rc1 Ke7 19.
Ke2 h6 20. Nf3 Nd5 21. Nd2 Kd7 22. Ne4 f5 23. Nc3 g5 24. f3 Nxe3 25. Kxe3 h5 26. Nb5 Bb8 27. d5 e5 28. d6 a6 29.
Nc7 Ra7 30. Nd5 Kxd6 31. Nxb6 Rb7 32. Nc4+ Kd5 33. b3 Ba7+ 34. Kd3 g4 35. Re1 Bd4 36. Ne3+ Bxe3 37. Kxe3 Rc7 38. Rd1+ Ke6 39.
Rd2 Rc3+ 40. Ke2 gxf3+ 41. Kf2 e4 42. Rd8 Rc2+ 43. Ke3 Re2+ 44. Kf4 f2 45. Rd1 Re1 46. Rxe1 fxe1=Q 0-1

[Event "Open NK Rapid 2025"]
[Site "Helmond, Netherlands"]
[Date "2025.05.03"]
[Round "6.15"]
[White "Landman, Renzo"]
[Black "Labruyere, Roger"]
[Result "1/2-1/2"]
[TimeControl "15+5"]
[WhiteFideId "40106306"]
[BlackFideId "1059505"]
[WhiteElo "1975"]
[BlackElo "2117"]

1. e4 c5 2. Nf3 d6 3. c3 Nf6 4. h3 Nc6 5. Bd3 e5 6. Bc2 g6 7. O-O Bg7 8. d4 cxd4 9. cxd4 O-O 10.
d5 Nb4 11. Nc3 Nxc2 12. Qxc2 Bd7 13. a4 Nh5 14. g4 Nf4 15. Bxf4 exf4 16. Qd2 g5 17. Kg2 Rc8 18. Nd4 Rc4 19.
Nf5 Bxf5 20. exf5 Bxc3 21. bxc3 Qa5 22. Rfb1 Rxc3 23. Qd4 Rfc8 24. Rxb7 R3c4 25. Rxa7 Rxd4 26. Rxa5 Rc2 27. f6 h5 28.
gxh5 Rd3 29. Ra8+ Kh7 30. Rf8 Rg3+ 31. Kh1 Rxh3+ 32. Kg1 Rxh5 33. Rxf7+ Kg6 34. Rd7 Kxf6 35. Rxd6+ Ke5 36. Rd8 Ke4 37. Kg2 g4 38. Re1+ Kd3 39. d6 g3 40. Kf3 Rxf2 41.
Kg4 g2 42. Rg1 Rh1 43. d7 Rh7 44. a5 Rg7+ 45. Kf5 f3 46. Kf6 Rh7 47. Kg6 Rxd7 48. Rxd7+ Ke3 49. a6 Ra2 50. a7 Kf2 51. Rc1 g1=Q+ 52. Rxg1 Kxg1 53. Rd1+ Kg2 54. Rd2+ Rxd2 55. a8=Q Re2 56.
Kf5 Rb2 57. Qc6 Kg3 58. Qg6+ Kf2 59. Qg4 Rb5+ 60. Ke6 Ke3 61. Qc4 Rb6+ 62. Kd5 f2 63. Qd4+ Ke2 64. Qxb6 f1=Q 1/2-1/2

[Event "Open NK Rapid 2025"]
[Site "Helmond, Netherlands"]
[Date "2025.05.03"]
[Round "6.16"]
[White "Margaryan, Artur"]
[Black "Nies, Levi"]
[Result "1/2-1/2"]
[TimeControl "15+5"]
[WhiteFideId "13304348"]
[BlackFideId "1061275"]
[WhiteElo "2100"]
[BlackElo "1828"]

1. d4 d5 2. c4 e6 3. Nc3 Nf6 4. cxd5 exd5 5. Bg5 c6 6.
e3 Be7 7. Bd3 O-O 8. Qc2 Nbd7 9.
Nf3 Re8 10. O-O Nf8 11. h3 Ne4 12. Bf4 Nf6 13. Rab1 Ng6 14. b4 Nxf4 15. exf4 Bd6 16. Ne5 Qb6 17. Rfd1 Be6 18. Na4 Qc7 19.
Nc5 a5 20. b5 cxb5 21. Rxb5 Rec8 22. Rxb7 Qxb7 23. Nxb7 Rxc2 24. Bxc2 Bb4 25. f5 Bd7 26. g4 Rc8 27. Bd3 Ba4 28. Rb1 h6 29. a3 Bxa3 30. Nxa5 Rc1+ 31.
Rxc1 Bxc1 32. Kg2 Bb2 33. Nac6 Nd7 34. Ne7+ Kf8 35. Nxd5 Bxd4 36.
Nxd7+ Bxd7 37. Nf4 Bc6+ 38. f3 Ke7 39.
Ne2 Be5 40. Be4 Bb5 41. f4 Bb2 42. Ng3 Kd6 43. Kf3 Bc6 44. Bxc6 Kxc6 45. Ke4 Kd6 46. h4 Bc3 47. Nh5 Be1 48. Nxg7 Bxh4 49. Nh5 Bd8 50. f6 Ke6 51. g5 hxg5 52. fxg5 Ba5 53. Ng7+ Kd7 54. Kf5 Bd2 55. Nh5 Ke8 56. Ng3 Kf8 57. Ne4 Bb4 58. Ke5 Ba3 59. Kd5 Ke8 60. Nd6+ Kf8 61. Kc6 Bc1 62. Ne4 Ke8 63. Kc7 Be3 64. Kc8 Bf4 65. Kb7 Kd7 66. Nc5 Ke8 67. Ne4 Kd7 1/2-1/2

[Event "Open NK Rapid 2025"]
[Site "Helmond, Netherlands"]
[Date "2025.05.03"]
[Round "6.17"]
[White "Darie, Aden"]
[Black "Bekkink, Sereyo"]
[Result "0-1"]
[TimeControl "15+5"]
[WhiteFideId "1094831"]
[BlackFideId "1037161"]
[WhiteElo "1941"]
[BlackElo "2064"]

1. e4 e5 2. Nf3 Nc6 3. d4 exd4 4. Bc4 Bc5 5. O-O d6 6. Nbd2 Nf6 7. Nb3 Bg4 8.
Bg5 h6 9. Bh4 O-O 10. h3 Bxf3 11. Qxf3 Ne5 12. Qe2 Nxc4 13. Qxc4 g5 14. Bg3 Nxe4 15. Rae1 Re8 16. Qd3 f5 17.
Nxd4 Qf6 18. c3 Re7 19. Re2 Bxd4 20. cxd4 Nxg3 21. fxg3 Rxe2 22. Qxe2 Qxd4+ 23. Kh2 Qe4 24. Qf2 b6 25. Re1 Qd5 26. Re7 c5 27. Qe2 Rf8 28. Rxa7 f4 29. gxf4 Qf5 30. Qc4+ d5 31. Qc3 Qxf4+ 32. Kh1 Qf1+ 33. Kh2 Qf4+ 34. Kh1 Qd4 35. Qxd4 cxd4 36. Ra3 Rf1+ 37. Kh2 Rd1 38.
Rb3 d3 39. a3 Kf7 40. Kg3 Ke6 41. Kf3 Ke5 42. Rxb6 Re1 0-1

[Event "Open NK Rapid 2025"]
[Site "Helmond, Netherlands"]
[Date "2025.05.03"]
[Round "6.18"]
[White "Grochal, Joey"]
[Black "Van Wamel, Gijs"]
[Result "1-0"]
[TimeControl "15+5"]
[WhiteFideId "1019945"]
[BlackFideId "40102165"]
[WhiteElo "2261"]
[BlackElo "1713"]

1. d4 Nf6 2. c4 c5 3. d5 b5 4.
cxb5 a5 5. bxa6 Bxa6 6. Nc3 g6 7. Nf3 Bg7 8. e4 d6 9.
Bxa6 Nxa6 10. O-O O-O 11. Nd2 Qc7 12. Nc4 Rfb8 13. a4 Nb4 14. Ra3 Nd7 15. Nb5 Qb7 16. Bg5 f6 17. Bd2 Nb6 18.
Nxb6 Qxb6 19. Rg3 Na6 20. h4 Rf8 21. h5 g5 22. h6 Bxh6 23. f4 Kh8 24. Qh5 Bg7 25. Rh3 h6 26. Qg6 c4+ 27. Be3 Qd8 28. fxg5 fxg5 29. Rxh6+ Bxh6 30. Qxh6+ Kg8 31. Qg6+ 1-0

[Event "Open NK Rapid 2025"]
[Site "Helmond, Netherlands"]
[Date "2025.05.03"]
[Round "6.19"]
[White "Jansz, Wilfred"]
[Black "Baselmans, Luuk"]
[Result "0-1"]
[TimeControl "15+5"]
[WhiteFideId "40107353"]
[BlackFideId "1051008"]
[WhiteElo "1996"]
[BlackElo "2405"]

1. e4 c5 2. Nf3 Nc6 3. d4 cxd4 4. Nxd4 Nf6 5. Nc3 e5 6. Ndb5 d6 7. Bg5 a6 8. Na3 b5 9. Bxf6 gxf6 10. Nd5 Bg7 11. c3 f5 12. exf5 Bxf5 13.
Nc2 O-O 14. Nce3 Be6 15. Bd3 f5 16. Qh5 e4 17. Bc2 Ne7 18. Bb3 Nxd5 19. Nxd5 Kh8 20. Nf4 Bxb3 21. Ng6+ Kg8 22. Nxf8 Bf7 23.
Qxh7+ Kxf8 24. Qxf5 Qf6 25. Qxf6 Bxf6 26. h4 b4 27. cxb4 Bxb2 28. Rd1 Bc3+ 29. Kf1 Bc4+ 30. Kg1 Bxb4 31.
h5 d5 32. a4 Kg7 33. g4 Kh6 34. Kh2 Rf8 35. Kg3 Rf3+ 36. Kg2 Rf8 37. Kg3 a5 38. Rh3 Kg5 0-1

[Event "Open NK Rapid 2025"]
[Site "Helmond, Netherlands"]
[Date "2025.05.03"]
[Round "6.20"]
[White "Schleipfenbauer, Bent"]
[Black "Grooten, Herman"]
[Result "0-1"]
[TimeControl "15+5"]
[WhiteFideId "1048759"]
[BlackFideId "1000330"]
[WhiteElo "1992"]
[BlackElo "2219"]

1. e4 c5 2. Nf3 e6 3. d4 cxd4 4. Nxd4 a6 5. Bd3 Bc5 6. Be3 d6 7. O-O Ne7 8. c3 O-O 9. a4 e5 10. Nc2 Qc7 11. b4 Bxe3 12.
Nxe3 Be6 13. c4 Nbc6 14. Qd2 Nd4 15. Ra3 a5 16. Rc1 b6 17. Nd5 Bxd5 18. cxd5 Qd7 19. b5 Rac8 20. Rac3 Rc5 21.
Rxc5 dxc5 22. Qg5 f6 23. Qg3 Ng6 24. Nd2 Nf4 25. Re1 g6 26. Nc4 Qd8 0-1

[Event "Open NK Rapid 2025"]
[Site "Helmond, Netherlands"]
[Date "2025.05.03"]
[Round "6.21"]
[White "Smeets, Kobe"]
[Black "Westveer, Riny"]
[Result "1-0"]
[TimeControl "15+5"]
[WhiteFideId "1063910"]
[BlackFideId "1088734"]
[WhiteElo "2192"]
[BlackElo "1876"]

1. e4 c6 2. Nc3 d5 3. Nf3 Bg4 4. h3 Bxf3 5. Qxf3 e6 6. Be2 d4 7. Nb1 Nf6 8. d3 Nbd7 9. O-O Be7 10.
Qg3 O-O 11. Nd2 Qb8 12. f4 Rd8 13. a4 b5 14. Qf2 Nf8 15. g4 h6 16. Kh1 c5 17. g5 hxg5 18. fxg5 Ne8 19. Qxf7+ Kh8 20.
Qxe7 Ng6 21. Qxe6 Qg3 22. Qg4 1-0

[Event "Open NK Rapid 2025"]
[Site "Helmond, Netherlands"]
[Date "2025.05.03"]
[Round "6.22"]
[White "Kurt, Sascha"]
[Black "Kools, Thomas"]
[Result "1-0"]
[TimeControl "15+5"]
[WhiteFideId "1082647"]
[BlackFideId "1054759"]
[WhiteElo "1953"]
[BlackElo "2094"]

1. b3 d5 2. Nf3 e6 3. Bb2 Nf6 4. e3 Be7 5. c4 O-O 6. Be2 c6 7. O-O a5 8. d3 Nbd7 9. Nbd2 a4 10. Qc2 b5 11. Ne5 Nxe5 12.
Bxe5 Bb7 13. d4 axb3 14. axb3 bxc4 15. bxc4 dxc4 16. Bf3 Nd7 17. Bg3 Nb6 18. Rfb1 Rxa1 19. Rxa1 Qd7 20. Rb1 Bd8 21.
Ne4 Ba8 22. Nc5 Qc8 23. h4 Bc7 24. Bxc7 Qxc7 25. Be2 e5 26.
Bxc4 exd4 27. exd4 Nd7 28. Qf5 Nxc5 29. dxc5 Bb7 30. h5 Bc8 31. Qe4 Bd7 32. h6 Re8 33. Qf3 Be6 34. Bd3 Bd5 35. Qg4 Qe5 36. Rb4 g6 37.
Qf4 Qxf4 38. Rxf4 Re5 39. Rb4 Re8 40. f4 f5 41. Kf2 Kf7 42. Rb7+ Re7 43. Rb8 Kf6 44. Rc8 g5 45. Rf8+ Rf7 46. Rxf7+ Bxf7 47. Ke3 Kg6 48. Kd4 gxf4 49. Ke5 Kxh6 50. Kxf4 Bd5 51. g3 Kg7 52. Bxf5 h6 53. Ke5 Kf7 54. Kd6 Kf6 55. Bd7 Kg5 56. Bxc6 Bc4 57. Bd7 Kf6 58. c6 Ba6 59. c7 h5 60.
Bh3 Kf7 61. Kd7 1-0

[Event "Open NK Rapid 2025"]
[Site "Helmond, Netherlands"]
[Date "2025.05.03"]
[Round "6.23"]
[White "Frederiks, Jesse"]
[Black "Uddin, Ahnaf Tajwar"]
[Result "0-1"]
[TimeControl "15+5"]
[WhiteFideId "1095790"]
[BlackFideId "1050842"]
[WhiteElo "1937"]
[BlackElo "2081"]

1. d4 b6 2. c4 Bb7 3. Nc3 f5 4.
Bg5 Nf6 5. Bxf6 exf6 6. Qc2 g6 7. O-O-O Bb4 8. d5 Bxc3 9. Qxc3 Qe7 10. e3 Na6 11. Bd3 Nc5 12. Ne2 Qe5 13. Nd4 a5 14.
Rhe1 O-O 15. f4 Qe7 16. h3 Ne4 17. Bxe4 Qxe4 18. g4 fxg4 19. hxg4 c6 20. dxc6 dxc6 21. Nc2 c5 22. Rd7 Bc8 23.
Rd6 Bxg4 24. Rxf6 Rxf6 25. Qxf6 Qxc4 26. Qxb6 Qxa2 27. e4 Qe6 28. Qxe6+ Bxe6 29. Rd1 Rf8 30. Rf1 Bc4 31. Rf2 Bd3 32.
e5 g5 33. Rg2 Rxf4 34. Rxg5+ Bg6 35. Ne3 Re4 36. Nd5 Rc4+ 37. Nc3 a4 38. Kd2 Kf7 39. Rg3 Ke6 40. Re3 Rb4 41. Kc1 Rb3 42.
Re2 a3 43. Na4 axb2+ 44. Nxb2 Rc3+ 45. Kd2 Rc2+ 46. Ke3 Rxe2+ 47. Kxe2 Kxe5 48. Ke3 Kd5 49. Nd1 Kc4 50. Kd2 Kd4 51.
Nf2 c4 52. Nd1 h5 53. Nc3 Bd3 54. Nd1 h4 55. Nf2 Bf5 56. Nd1 h3 57. Ne3 Be4 58. Nf1 c3+ 59. Kc1 Bg2 60. Nh2 Be4 61.
Ng4 Bf5 62. Nh2 Ke3 63. Nf1+ Kf2 64. Nh2 Kg2 0-1

[Event "Open NK Rapid 2025"]
[Site "Helmond, Netherlands"]
[Date "2025.05.03"]
[Round "6.24"]
[White "Taams, Lisanne"]
[Black "Moskalets, Sofiia"]
[Result "0-1"]
[TimeControl "15+5"]
[WhiteFideId "1055852"]
[BlackFideId "34144293"]
[WhiteElo "2078"]
[BlackElo "1938"]

1. Nf3 Nf6 2. c4 g6 3.
Nc3 Bg7 4. e4 d6 5. Be2 O-O 6. O-O e5 7. d3 c6 8. b4 Nh5 9. Bg5 Qe8 10. b5 Nf4 11. Rb1 Nd7 12. Bxf4 exf4 13.
d4 c5 14. Nd5 Qd8 15. Nxf4 cxd4 16. Nd5 Nc5 17. Nxd4 Nxe4 18. Bf3 Nc5 19. Re1 Qh4 20. Ne2 Bf5 21. Ng3 Bxb1 22. Qxb1 Qxc4 23.
Re7 Rae8 24. Rc7 Qd4 25. Ne3 Qd2 26. Bxb7 Qa5 27. b6 Qxb6 28. Qxb6 axb6 29. Bd5 Bd4 30. Ngf1 Ne6 31. Rc4 Bc5 32.
Ng4 Kg7 33. h4 h5 34. Ngh2 b5 35. Rc2 b4 36. Nf3 Nd4 37. Nxd4 Bxd4 38. Ng3 Re5 39. Bb3 Bc5 40. Kh2 Rfe8 41. f4 Re1 42. f5 R8e7 43.
Rd2 R7e3 44. Rd5 Rc3 45. Rd2 Be3 46. Re2 Rxe2 47. Nxe2 Rd3 48. fxg6 fxg6 49. Kh3 Bf4+ 50. g3 Be5 51.
Kg2 Kf6 52. Bc4 Rd2 53. Kf3 d5 54. Bb3 d4 55. Bc4 Rc2 56. Bd3 Rxa2 57. g4 hxg4+ 58. Ke4 g3 59. Ng1 g2 60. Nf3 Bh2 61.
Nxh2 g1=Q 62. Nf3 Qe3+ 63. Kd5 Qxf3+ 64. Be4 Qb3+ 65. Kxd4 Rd2+ 66. Kc5 Qe3+ 67. Kb5 Qxe4 68. h5 Rd5+ 69.
Ka4 b3+ 70. Ka3 b2 71. hxg6 b1=R 72. g7 Ra5# 0-1

[Event "Open NK Rapid 2025"]
[Site "Helmond, Netherlands"]
[Date "2025.05.03"]
[Round "6.25"]
[White "Cayonlu, Arda"]
[Black "Chua, Ethan"]
[Result "1/2-1/2"]
[TimeControl "15+5"]
[WhiteFideId "6339786"]
[BlackFideId "1089250"]
[WhiteElo "1885"]
[BlackElo "2069"]

1. e4 c5 2. Nc3 Nc6 3. g3 g6 4.
Bg2 Bg7 5. Nge2 e6 6. d3 Nge7 7. Be3 Nd4 8. O-O O-O 9. Qd2 Rb8 10. Nd1 b5 11. Nxd4 cxd4 12. Bh6 d6 13. Bxg7 Kxg7 14.
c3 dxc3 15. bxc3 Bd7 16. Ne3 Qa5 17. Ng4 f5 18. exf5 Nxf5 19. Ne3 Nxe3 20. Qxe3 Qb6 21. Rab1 Qxe3 22. fxe3 Rxf1+ 23. Bxf1 Kf6 24.
Kf2 a5 25. a3 d5 26. Ke1 Ke5 27. Kd2 Kd6 28. Be2 Rf8 29. Rf1 Rxf1 30. Bxf1 e5 31. d4 g5 32. Ke1 e4 33. h4 g4 34.
Kd2 Kc6 35. Kc1 Kb6 36. Kb2 Bc8 37. Kb3 Ba6 38. Be2 h5 39. Bd1 Kc6 40. Be2 Kb6 41. Bd1 Bc8 42. Be2 Bd7 1/2-1/2